Map: Cactus Valley LE (Void)

Players

Railgan - Winner!

  • Race: Zerg Zerg
  • League: Master
  • Spawn Location: 5:00

LeFaucheur

  • Race: Zerg Zerg
  • League: Grandmaster
  • Spawn Location: 7:00

VOD

Have the link to the VOD?

Description

Time

  • Played on: March 1, 2017, 5:01 p.m.
  • Length: 6:52
Show
View Real Time Build Order
Export as new Build Order

Railgan Zerg - Winner!

Build Orders: Pool First 

Get SALT Encoding   

  12  0:01  Drone  
  13  0:14  Overlord  
  13  0:18  Drone  
  14  0:32  Drone x2  
  16  0:41  Drone  
  17  0:49  Drone, Spawning Pool  
  17  0:59  Drone  
  18  1:13  Hatchery  
  18  1:14  Extractor  
  18  1:18  Drone  
  17  1:20  Drone  
  18  1:34  Drone  
  18  1:35  Queen  
  21  1:43  Spine Crawler, Drone  
  21  1:53  Overlord  
  21  2:01  Zergling x2  
  22  2:11  Queen  
  22  2:14  Drone  
  25  2:25  Drone x2, Queen  
  25  2:28  Metabolic Boost  
  29  2:36  Drone x2  
  31  2:47  Zergling x4  
  31  2:48  Baneling Nest  
  32  2:51  Zergling x2  
  32  2:56  Zergling x4  
  35  2:59  Zergling x2  
  34  3:07  Zergling x2  
  34  3:09  Zergling x2  
  32  3:14  Zergling x2  
  32  3:19  Queen  
  31  3:28  Zergling x2  
  31  3:31  Zergling x2  
  30  3:36  Baneling x3  
  29  3:42  Zergling x2  
  29  3:48  Zergling x2  
  29  3:51  Baneling  
  29  3:55  Zergling x2  
  29  4:01  Zergling x2  
  30  4:07  Baneling  
  30  4:08  Queen  
  31  4:17  Zergling x6  
  34  4:27  Drone  
  35  4:34  Baneling  
  35  4:45  Baneling  
  35  5:05  Overlord x2  
  35  5:08  Roach Warren  
  35  5:11  Drone  
  36  5:16  Zergling x4  
  36  5:19  Overlord  
  36  5:21  Overlord  
  36  5:24  Drone  
  36  5:28  Drone x3  
  38  5:29  Drone x3  
  38  5:35  Drone  
  43  5:41  Overlord  
  43  5:53  Roach x5  
  53  5:57  Roach  
  53  6:01  Roach x3  
  58  6:06  Queen  
  60  6:13  Baneling  
  60  6:15  Extractor  
  61  6:22  Drone x3  
  64  6:26  Zergling x2  
  64  6:27  Baneling  
  64  6:30  Baneling  
  64  6:34  Zergling x2  
  64  6:35  Zergling x6  
Show
View Real Time Build Order
Export as new Build Order

LeFaucheur Zerg 

Build Orders: Pool First 

Get SALT Encoding   

  12  0:01  Drone  
  13  0:17  Extractor  
  12  0:26  Spawning Pool  
  12  0:28  Drone  
  12  0:33  Drone  
  13  0:38  Drone  
  14  0:51  Overlord  
  14  1:12  Queen  
  14  1:13  Zergling x4  
  18  1:21  Metabolic Boost  
  18  1:27  Zergling x2  
  18  1:31  Zergling x2  
  20  1:36  Zergling x2  
  21  1:46  Overlord  
  21  1:57  Zergling x2  
  22  2:07  Zergling x2  
  23  2:21  Zergling x8  
  27  2:31  Zergling x2  
  28  2:42  Overlord  
  28  2:44  Hatchery  
  26  2:53  Zergling x4  
  26  2:54  Zergling x2  
  27  3:05  Zergling x4  
  26  3:18  Zergling x2  
  26  3:30  Zergling x2  
  26  3:31  Zergling x4  
  27  3:47  Zergling x2  
  26  3:58  Zergling x8  
  29  4:11  Zergling x2  
  28  4:24  Drone  
  28  4:27  Drone x4  
  28  4:29  Queen  
  35  4:41  Zergling x4  
  35  5:02  Drone x2  
  35  5:03  Drone x4  
  40  5:10  Baneling Nest  
  40  5:11  Drone  
  35  5:16  Drone  
  36  5:25  Zergling x2  
  36  5:26  Zergling x2  
  36  5:30  Zergling x6  
  39  5:37  Zergling x2  
  40  5:43  Zergling x4  
  42  5:55  Zergling x4  
  34  5:59  Queen  
  35  6:09  Zergling x8  
  38  6:11  Overlord x2  
  38  6:13  Zergling x2  
  38  6:16  Baneling x6  
  38  6:17  Baneling x2  
  39  6:19  Baneling  
  39  6:23  Baneling  
  38  6:26  Zergling x4  
  40  6:33  Zergling x2  
  40  6:34  Zergling x2  
Tags
 
Add a new tag
Caveats
  • Supply blocks, unpowered buildings, or Contaminate may cause inaccurate times.
  • Supply counts are checked every 10 seconds.